 Dungeon Crawl Stone Soup version 0.29.1-2-gbd0b4ee654 (webtiles) character file.

Game seed: 5376042708845344036

620 Ivernyr the Changer (level 7, -10/46 HPs)
             Began as an Octopode Transmuter on Nov 1, 2022.
             Mangled by an ogre
             ... wielding a +0 giant club
              (13 damage)
             ... on level 4 of the Dungeon.
             The game lasted 00:08:41 (3791 turns).

Ivernyr the Changer (Octopode Transmuter)           Turns: 3791, Time: 00:08:41

Health: -10/46     AC:  7    Str: 15    XL:     7   Next: 46%
Magic:  12/12      EV: 13    Int: 19    God:
Gold:   246        SH:  0    Dex: 13    Spells: 7/13 levels left

rFire   . . .      SeeInvis .   m - +6 trident of Gozag, Burning {drain, rCorr Int+2 Stlth-}
rCold   . . .      Faith    .   (no shield)
rNeg    . . .      Spirit   .   p - +2 hat
rPois   .          Reflect  .   d - amulet of the acrobat
rElec   .          Harm     .   b - ring of willpower
rCorr   +          Rampage  .   c - +6 ring of strength
Will    +....                   l - +4 ring of protection
Stlth   +.........              (no ring)
HPRegen 0.15/turn               (no ring)
MPRegen 0.13/turn               (no ring)
                                (no ring)
                                (no ring)

@: no status effects
A: almost no armour, amphibious, 8 rings, camouflage 1, gelatinous body 1,
(nimble swimmer 1), tentacles
a: no special abilities


You were on level 4 of the Dungeon.
You visited 1 branch of the dungeon, and saw 4 of its levels.
You also visited: Ossuary.

You collected 246 gold pieces.

Inventory:

Hand Weapons
 m - the +6 trident of Gozag, Burning (weapon) {drain, rCorr Int+2 Stlth-}
   (You found it on level 2 of the Dungeon)

   A truly terrible weapon, it drains the life of any living foe it strikes.
   Int:       It affects your intelligence (+2).
   rCorr:     It protects you from acid and corrosion.
   Stlth:     It makes you less stealthy.
Missiles
 n - 2 throwing nets
Armour
 p - a +2 hat (worn)
Jewellery
 b - a ring of willpower (left tentacle)
 c - a +6 ring of strength (right tentacle)
 d - an amulet of the acrobat (around mantle)
 l - a +4 ring of protection (on tentacle)
Scrolls
 f - 3 scrolls of teleportation {unknown}
 h - a scroll of magic mapping {unknown}
 i - a scroll of fear {unknown}
 j - 2 scrolls of poison {unknown}
 k - 5 scrolls of identify {unknown}
 o - 3 scrolls of butterflies {unknown}
 r - 2 scrolls of enchant armour {unknown}
 s - a scroll of noise {unknown}
Potions
 a - a potion of lignification
 e - a potion of curing {unknown}
 g - a potion of cancellation {unknown}
 q - a potion of heal wounds {unknown}
 t - 2 potions of invisibility {unknown}
 u - 3 potions of magic {unknown}
 v - 2 potions of resistance {unknown}


   Skills:
 + Level 3.5 Fighting
 - Level 2.0 Dodging
 + Level 4.5 Unarmed Combat
 + Level 3.7 Spellcasting
 * Level 5.2 Transmutations


You had 7 spell levels left.
You knew the following spells:

 Your Spells              Type           Power      Damage    Failure   Level
a - Beastly Appendage     Tmut           46%        N/A       1%          1
b - Wereblood             Tmut           23%        N/A       2%          2
c - Spider Form           Tmut/Pois      13%        N/A       14%         3

Your spell library contained the following spells:

 Spells                   Type           Power      Damage    Failure   Level
 Magic Dart               Conj           12%        1d3       14%         1
 Ice Form                 Ice/Tmut       13%        N/A       43%         4


Dungeon Overview and Level Annotations

Branches:
Dungeon (4/15)            Ossuary (visited)
 Temple: D:4-7

Altars:


Innate Abilities, Weirdness & Mutations

You cannot wear most types of armour.
You are amphibious.
You can wear up to eight rings at the same time.
Your skin changes colour to match your surroundings (Stealth+).
Your rubbery body absorbs attacks. (AC +1, EV +1)
((You are camouflaged when in or above water. (Stealth+)))
You have tentacles for arms and can constrict up to eight enemies at once.


Message History

You miss the water moccasin. Your grab misses the water moccasin.
Your tentacle spike misses the water moccasin.
The water moccasin barely misses you. The water moccasin closely misses you.
You hit the water moccasin. You drain the water moccasin.
You grab the water moccasin.
The water moccasin is moderately wounded.
You constrict the water moccasin. The water moccasin bites you.
The water moccasin misses you.
You puncture the water moccasin!
You pierce the water moccasin, but do no damage.
The water moccasin is severely wounded.
You constrict the water moccasin.
The water moccasin barely misses you. x2
You puncture the water moccasin!
You kill the water moccasin!
Your Transmutations skill increases to level 5!
You start resting.
HP restored.
Your transformation is almost over.
Your tentacle spike disappears.
Your +2 hat unmelds from your body.
You now have 246 gold pieces (gained 16).
Found a whip.
Found a stone staircase leading down.
There is a stone staircase leading down here.
The ogre shouts!
You puncture the ogre!
The ogre is heavily wounded.
The ogre hits you with a +0 giant club.
You hit the ogre. You drain the ogre.
The ogre is almost dead.
The ogre hits you with a +0 giant club!!
You barely miss the ogre.
The ogre is almost dead.
The ogre hits you with a +0 giant club!!
* * * LOW HITPOINT WARNING * * *
Unknown command.
You barely miss the ogre.
The ogre is almost dead.
The ogre hits you with a +0 giant club!
You die...

#### ### # ####... ######.##
.# ###...... #.......### #.#
#........
##....##...####...##.........
##.#..######...#.............>
#.##..# ##@................
####..# ##O..).8...##8....
#..# ##.....##...#..... ##.#
#......#.....#....
#>#######............#....
##..............#..#.#.....
#..........##....#...#.....
#..##.......####8##..#8....
#..####......###..##.......


You could see an ogre (drained).

Vanquished Creatures
  A steam dragon (D:4)
  A water moccasin (D:4)
  An elf zombie (Ossuary)
  A centaur zombie (Ossuary)
  An orc priest (D:3)
  Jessica (D:2)
  An orc wizard (D:4)
  2 mummies (Ossuary)
  5 adders
  An adder zombie (Ossuary)
  3 worms
  A dart slug (D:1)
  9 orcs
  5 bats
  7 endoplasms
  4 giant cockroaches
  4 goblins
  5 hobgoblins
  8 jackals
  5 quokkas
  7 ball pythons
  3 frilled lizards
  2 goblin zombies (Ossuary)
  8 hobgoblin zombies (Ossuary)
  2 jackal zombies (Ossuary)
  3 kobolds
  8 kobold zombies (Ossuary)
  9 orc zombies (Ossuary)
  6 rats
  5 rat zombies (Ossuary)
119 creatures vanquished.

Vanquished Creatures (others)
  3 fungi (D:2)
  3 plants (D:2)
6 creatures vanquished.

Grand Total: 125 creatures vanquished

Notes
Turn   | Place    | Note
-------+----------+-------------------------------------------
     0 | D:1      | Ivernyr the Octopode Transmuter began the quest for the
                  | Orb.
     0 | D:1      | Reached XP level 1. HP: 13/13 MP: 3/3
    85 | D:1      | Reached XP level 2. HP: 18/18 MP: 5/5
   778 | D:1      | Reached XP level 3. HP: 23/23 MP: 6/6
   781 | D:1      | Learned a level 2 spell: Wereblood
   785 | D:1      | Learned a level 3 spell: Spider Form
   956 | D:2      | Identified the +6 trident of Gozag, Burning {drain, rCorr
                  | Int+2 Stlth-}
   973 | D:2      | Noticed Jessica
   981 | D:2      | Killed Jessica
   982 | D:2      | Reached skill level 3 in Transmutations
   982 | D:2      | Reached XP level 4. HP: 29/29 MP: 5/7
  1255 | D:2      | Found a faded altar of an unknown god.
  1262 | D:2      | Got Plato's Encyclopedia of the Salvo
  1817 | D:3      | Reached XP level 5. HP: 27/34 MP: 4/9
  2718 | D:4      | Found a sand-covered staircase.
  2723 | Ossuary  | Entered an ossuary
  2830 | Ossuary  | Reached skill level 4 in Transmutations
  2830 | Ossuary  | Reached XP level 6. HP: 39/41 MP: 7/10
  3038 | D:4      | Noticed a steam dragon
  3043 | D:4      | Killed a steam dragon
  3044 | D:4      | Reached XP level 7. HP: 29/46 MP: 9/12
  3278 | D:4      | HP: 2/46 [ogre/+0 giant club (15)]
  3304 | D:4      | HP: 1/46 [quokka (4)]
  3611 | D:4      | Reached skill level 5 in Transmutations
  3791 | D:4      | Mangled by an ogre

Illustrated notes

Levels and vault maps discovered:
D:1:      minmay_arrival_shoal_huts, layout_basic, minmay_misc_feat_iff
D:2:      layout_basic, shapermc_ecumenical_altar_rom_forum, uniq_jessica
D:3:      layout_basic, grunt_ministairs_13, chequers_mini_garden
D:4:      layout_layer_cave, lightli_ossuary_entry_decrepit_ruins, uniq_sigmund

Skill      XL: |  1  2  3  4  5  6  7 |
---------------+----------------------+-----
Transmutations | 3 4 5 |  5.2
Fighting       | 2 3 |  3.5
Unarmed Combat | 4 |  4.5
Spellcasting   | 3 |  3.7
Dodging        | |  2.0

Action                   |  1- 3 |  4- 6 |  7- 9 || total
-------------------------+-------+-------+-------++-------
Melee: Unarmed           |    41 |       |       ||    41
       Constrict         |    12 |    35 |     3 ||    50
       Tentacles         |    10 |    25 |     4 ||    39
       Trident           |     6 |   135 |    20 ||   161
       Kick              |     1 |    17 |     5 ||    23
       Punch             |       |     5 |       ||     5
 Cast: Wereblood         |     1 |     7 |     1 ||     9
       Beastly Appendage |     1 |     5 |     2 ||     8
 Stab: Sleeping          |     8 |     1 |       ||     9
Armor: Skin              |     4 |    35 |     3 ||    42
Dodge: Dodged            |    27 |   116 |    25 ||   168
